 Dungeon Crawl Stone Soup version 0.19-a0-1489-ga782747 (webtiles) character file.

722 Lasiace the Fighter (level 7, 0/85 HPs)
             Began as an Ogre Chaos Knight on Sept 8, 2016.
             Succumbed to Lasiace's ghost's poison
             ... on level 4 of the Dungeon.
             The game lasted 00:09:32 (4267 turns).

Lasiace the Fighter (Ogre Chaos Knight)             Turns: 4267, Time: 00:09:32

Health: 0/85       AC:  6    Str: 21    XL:     7   Next: 71%
Magic:  7/7        EV: 10    Int: 11    God:    Xom [*.....]
Gold:   2121       SH:  8    Dex: 11    Spells: 0 memorised, 6 levels left

rFire  . . .     SeeInvis .     s - +0 mace (chaos)
rCold  . . .     Gourm    .     A - +2 robe
rNeg   . . .     Faith    .     (no shield)
rPois  .         Spirit   .     (helmet restricted)
rElec  .         Dismiss  .     (no cloak)
rCorr  .         Reflect  +     (gloves unavailable)
MR     .....     Harm     .     (boots unavailable)
Stlth  +.........               g - +4 amulet of reflection
                                (no ring)
                                (no ring)

@: mighty, lethally poisoned (0 -> -1)
A: unfitting armour, claws 1, large bone plates 1, rugged brown scales 1,
deterioration 1, tough skin 1, weak 1, wild magic 1
a: Renounce Religion


You were on level 4 of the Dungeon.
You worshipped Xom.
You were a special plaything of Xom.
You were not hungry.

You visited 1 branch of the dungeon, and saw 4 of its levels.
You also visited: Sewer.

You collected 2121 gold pieces.

Inventory:

Hand Weapons
 s - a +0 mace of chaos (weapon)
Armour
 A - a +2 robe (worn)
Jewellery
 b - a +2 ring of dexterity {unknown}
 g - a +4 amulet of reflection (around neck)
Wands
 k - a wand of iceblast (5/15)
Scrolls
 a - 2 scrolls of teleportation {@r3}
 e - 4 scrolls of enchant armour {unknown}
 f - a scroll of blinking {unknown}
 j - 2 scrolls of fog {unknown}
 l - a scroll of immolation {unknown}
 o - a scroll of recharging {unknown}
 q - 2 scrolls of random uselessness {unknown}
 u - a scroll of enchant weapon {unknown}
Potions
 i - a potion of cure mutation
 m - 2 potions of magic
 n - a potion of brilliance
Comestibles
 c - 4 bread rations


   Skills:
 - Level 9.0 Fighting
 + Level 8.3 Maces & Flails
 - Level 2.1 Dodging


You had 6 spell levels left.
You didn't know any spells.

Dungeon Overview and Level Annotations

Branches:
Dungeon (4/15)
 Temple: D:4-7

Altars:
Gozag
Makhleb
Trog


Innate Abilities, Weirdness & Mutations

You are too large for most types of armour.
You have tough skin. (AC +1)
You have sharp fingernails.
You are partially covered in large bone plates. (SH +4)
You are partially covered in rugged brown scales. (AC +1, +3% HP)
Your body sometimes deteriorates upon taking damage.
You are weak. (Str -2)
Your spells are a little harder to cast, but a little more powerful.


Message History

You feel drained.
* * * LOW HITPOINT WARNING * * *
You block something's attack.
You hit something. You freeze something. Something hits you!
* * * LOW HITPOINT WARNING * * *
Something freezes you.
* * * LOW HITPOINT WARNING * * *
You sock something! Something hits you but does no damage.
You are poisoned.
You closely miss something.
You feel sick. Something hits you.
* * * LOW HITPOINT WARNING * * *
You bludgeon something!!
There is a sudden explosion of sparks!
Reactivating autopickup.
You feel your strength returning.
Your life force feels restored.
Your Maces & Flails skill increases to level 8!
You feel a bit more experienced.
Okay, then.
There is a lethal amount of poison in your body!
You die...
Xom guffaws!

.. ###.## #
#####...... ..
.......... ...
##......... #..
##)...W..... #..
##.#......W...##..
####@###........
.... #...##
##....... #..
#.##.#
.....#####.. #
##.# #...........
#######
#)###.#........#
....... ..# )W.
........... #
.....####.###
.......... #
......./..# #.
####### #
.###.##.#.#


There were no monsters in sight!

Vanquished Creatures
  The ghost of Lasiace the Skirmisher, an amateur OgCK of Xom (D:4)
  The ghost of Lasiace the Skirmisher, an amateur OgCK of Xom (D:3)
  3 big kobolds (Sewer)
  A water moccasin skeleton (D:4)
  A giant frog skeleton (D:4)
  5 adders
  2 river rats (Sewer)
  4 oozes (Sewer)
  An adder skeleton (D:4)
  2 worms
  2 dart slugs
  3 giant geckos
  2 orcs
  7 bats
  6 giant cockroaches
  9 goblins
  4 hobgoblins
  7 kobolds
  2 quokkas
  4 ball pythons (Sewer)
  8 rats
75 creatures vanquished.

Notes
Turn   | Place    | Note
-------+----------+-------------------------------------------
     0 | D:1      | Lasiace the Ogre Chaos Knight began the quest for the Orb.
     0 | D:1      | Reached XP level 1. HP: 24/24 MP: 1/1
    40 | D:1      | XOM: harmless Tmut miscast
   277 | D:1      | Reached XP level 2. HP: 25/33 MP: 2/2
   303 | D:1      | XOM: mild Pois miscast
   375 | D:1      | Reached skill level 5 in Fighting
   465 | D:1      | XOM: medium Divn miscast
   742 | D:1      | XOM: give mutations
   742 | D:1      | Gained mutation: You are weak. (Str -2) [Xom's mischief]
   742 | D:1      | Gained mutation: Your body sometimes deteriorates upon taking damage. [Xom's mischief]
   948 | D:2      | XOM: harmless Erth miscast
   952 | D:2      | Reached XP level 3. HP: 38/42 MP: 3/3
  1124 | D:2      | Found an opulent altar of Gozag.
  1151 | D:2      | XOM: 1-stop teleportation journey
  1302 | D:2      | Reached skill level 6 in Fighting
  1362 | D:2      | XOM: harmless Erth miscast
  1628 | D:3      | Found a glowing drain.
  1630 | D:3      | Reached XP level 4. HP: 52/52 MP: 4/4
  1632 | D:3      | XOM: torment (27/52 hp)
  1658 | D:3      | XOM: harmless Pois miscast
  1660 | Sewer    | Entered a sewer
  1723 | Sewer    | XOM: silly message
  1881 | Sewer    | Reached skill level 5 in Maces & Flails
  1912 | Sewer    | Noticed a big kobold
  1926 | Sewer    | Killed a big kobold
  1926 | Sewer    | Reached XP level 5. HP: 59/59 MP: 5/5
  1983 | Sewer    | XOM: scenery: create altars
  2050 | Sewer    | XOM: summons friendly shadow imp
  2200 | Sewer    | Noticed a big kobold
  2201 | Sewer    | Noticed a big kobold
  2211 | Sewer    | Killed a big kobold
  2211 | Sewer    | Reached skill level 7 in Fighting
  2211 | Sewer    | Reached XP level 6. HP: 16/71 MP: 6/6
  2211 | Sewer    | XOM: cast spell 'Chain of Chaos'
  2231 | Sewer    | Reached skill level 8 in Fighting
  2235 | Sewer    | XOM: divination: detect creatures
  2404 | Sewer    | XOM: god gift: 1950 gold pieces
  2486 | D:3      | Noticed Lasiace's ghost (amateur OgCK)
  2934 | D:3      | XOM: enchant monster (good)
  2962 | D:3      | Killed Lasiace's ghost
  2962 | D:3      | Reached XP level 7. HP: 19/81 MP: 3/7
  3023 | D:3      | XOM: harmless Chrm miscast
  3287 | D:3      | XOM: harmless Tloc miscast
  3332 | D:3      | Reached skill level 9 in Fighting
  3335 | D:3      | XOM: give mutations
  3335 | D:3      | Gained mutation: You are partially covered in rugged brown scales. (AC +1, +3% HP) [Xom's grace]
  3335 | D:3      | Gained mutation: Your spells are a little harder to cast, but a little more powerful. [Xom's grace]
  3335 | D:3      | Gained mutation: You are partially covered in large bone plates. (SH +4) [Xom's grace]
  3335 | D:3      | Gained mutation: You have sharp fingernails. [Xom's grace]
  3337 | D:3      | Found a bloodstained altar of Trog.
  3486 | D:4      | XOM: blink monster(s)
  3502 | D:4      | Noticed Lasiace's ghost (amateur OgCK)
  3521 | D:4      | XOM: smoke on damage
  3525 | D:4      | XOM: swap monsters
  3870 | D:4      | XOM: harmless Air miscast
  3975 | D:4      | XOM: harmless Summ miscast
  4019 | D:4      | Found a burning altar of Makhleb.
  4030 | D:4      | Noticed a troll
  4042 | D:4      | HP: 1/85 [troll (5)]
  4051 | D:4      | XOM: noise
  4054 | D:4      | XOM: 1-stop teleportation journey
  4127 | D:4      | XOM: 4-stop teleportation journey
  4265 | D:4      | HP: 1/85 [something (6)]
  4266 | D:4      | Killed Lasiace's ghost
  4267 | D:4      | Succumbed to Lasiace's ghost's poison

Vault maps used:
D:1:      dpeg_arrival_circle_labyrinth_a
D:2:      grunt_gozag_statues, st_stairs_3
D:3:      marbit_many_paths, gup_sewer_entry_pipe, first_bread,
          minmay_misc_feat_tiny, hex_medium
D:4:      lemuel_crystal_altar
Sewer:    sewer_co_15_rooms

Skill      XL: |  1  2  3  4  5  6  7 |
---------------+----------------------+-----
Fighting       | 5 6 7 8 9 |  9.0
Maces & Flails | 6 8 |  8.3
Dodging        | |  2.1

Action                   |  1- 3 |  4- 6 |  7- 9 || total
-------------------------+-------+-------+-------++-------
Melee: Mace              |    99 |   154 |    92 ||   345
  Use: Scroll            |       |     5 |       ||     5
       Potion            |       |     2 |     5 ||     7
 Stab: Confused          |     1 |     1 |       ||     2
       Sleeping          |     1 |       |       ||     1
       Petrified         |       |     2 |       ||     2
       Paralysed         |       |     7 |       ||     7
  Eat: Chunk             |     1 |     4 |     3 ||     8
       Beef jerky        |       |     1 |       ||     1
       Meat ration       |       |       |     1 ||     1
Armor: Robe              |    53 |    32 |    38 ||   123
Dodge: Dodged            |    60 |    48 |    43 ||   151
Block: Other             |       |     3 |    39 ||    42
